 Dungeon Crawl Stone Soup version 0.21.1-1-g345015f (webtiles) character file.

61105 wojtek the Victor of a Thousand Battles (level 15, -2/94 HPs)
             Began as a Gargoyle Fighter on July 20, 2018.
             Was the Champion of Okawaru.
             Slain by a two-headed ogre
             ... wielding a +0 dire flail
              (5 damage)
             ... while paralysed by an ogre mage
             ... on level 12 of the Dungeon.
             The game lasted 00:36:44 (19972 turns).

wojtek the Victor of a Thousand Battles (GrFi)     Turns: 19972, Time: 00:36:46

Health: -2/94      AC: 34    Str: 24    XL:     15   Next: 1%
Magic:  0/25       EV:  2    Int: 11    God:    Okawaru [******]
Gold:   1668       SH:  0    Dex: 12    Spells: 14/14 levels left

rFire    + . .     SeeInvis +   a - +6 flail (drain)
rCold    + + .     Gourm    .   c - +1 shield {reflect}
rNeg     + . .     Faith    .   S - +5 ring mail of Pokoh {rF+ rC+}
rPois    ∞         Spirit   +   o - +2 hat {SInv}
rElec    +         Reflect  +   (no cloak)
rCorr    .         Harm     .   O - +0 pair of gloves {Dex+3}
MR       +....                  (no boots)
Stlth    ++........             B - amulet of guardian spirit
HPRegen  0.25/turn              T - ring of protection from cold
MPRegen  0.19/turn              q - +6 ring of protection

@: paralysed, heroism, finesse
A: big wings, negative energy resistance 1, electricity resistance, unbreathing,
petrification resistance, rot immunity, AC +11
a: Fly, Heroism, Finesse, Renounce Religion


You were on level 12 of the Dungeon.
You worshipped Okawaru.
Okawaru was exalted by your worship.
You were not hungry.

You visited 3 branches of the dungeon, and saw 19 of its levels.
You also visited: Labyrinth and Volcano.

You collected 1668 gold pieces.

Inventory:

Hand Weapons
 a - a +6 flail of draining (weapon)
Missiles
 M - 2 throwing nets (quivered)
Armour
 c - a +1 shield of reflection (worn)
 o - a +2 hat of see invisible (worn)
 L - a +2 plate armour of magic resistance
 O - a +0 pair of gloves of dexterity (worn)
 S - the +5 ring mail of Pokoh (worn) {rF+ rC+}
   (You found it on level 3 of the Lair of Beasts)

   It protects you from fire.
   It protects you from cold.
Jewellery
 l - the ring of Qazlal's Benevolence {-Tele +Fly rN++ Dex+2 Stlth+}
   (You found it on level 8 of the Dungeon)

   [ring of dexterity]

   It affects your dexterity (+2).
   It greatly protects you from negative energy.
   It lets you fly.
   It prevents most forms of teleportation.
   It makes you more stealthy.
 q - a +6 ring of protection (right hand)
 B - an amulet of guardian spirit (around neck)
 N - an uncursed ring of fire
 P - an uncursed ring of fire
 T - a ring of protection from cold (left hand)
 W - an uncursed ring of protection from magic
 X - an uncursed ring of protection from cold
Wands
 g - a wand of iceblast (42)
 x - a wand of scattershot (7)
 y - a wand of flame (23)
 A - a wand of acid (5)
 C - a wand of enslavement (7)
 R - a wand of paralysis (27)
Scrolls
 b - 2 scrolls of brand weapon {unknown}
 h - 10 scrolls of remove curse
 i - 6 scrolls of identify
 j - 6 scrolls of blinking {unknown}
 k - 5 scrolls of teleportation
 m - 5 scrolls of enchant armour {unknown}
 n - 4 scrolls of fog {unknown}
 H - 6 scrolls of amnesia {unknown}
 I - 3 scrolls of magic mapping
 K - 2 scrolls of acquirement {unknown}
 Q - 3 scrolls of enchant weapon {unknown}
Potions
 d - 5 potions of might
 e - 9 potions of curing
 p - 3 potions of ambrosia {unknown}
 r - 2 potions of lignification {unknown}
 s - 5 potions of cancellation
 t - 2 potions of heal wounds {unknown}
 v - 3 potions of haste {unknown}
 z - 6 potions of mutation {unknown}
 D - 2 potions of berserk rage {unknown}
 J - 3 potions of flight {unknown}
Books
 u - a book of Spatial Translocations

   Spells                             Type                      Level
   a - Blink                          Translocation                2
   b - Shroud of Golubria             Charms/Translocation         2
   c - Lesser Beckoning               Translocation                3
   d - Gell's Gravitas                Translocation                3
   e - Teleport Other                 Translocation                3
   f - Passage of Golubria            Translocation                4
 w - a book of Party Tricks

   Spells                             Type                      Level
   a - Summon Butterflies             Summoning                    1
   b - Apportation                    Translocation                1
   c - Lesser Beckoning               Translocation                3
   d - Tukima's Dance                 Hexes                        3
   e - Alistair's Intoxication        Transmutation/Poison         5
   f - Invisibility                   Hexes                        6
Comestibles
 f - 31 rations
 E - 8 chunks of flesh


   Skills:
 + Level 11.1(16.1) Fighting
 - Level 11.7(16.7) Maces & Flails
 + Level 11.1(16.1) Armour
 + Level 8.2(13.2) Dodging
 + Level 11.1(16.1) Shields
 * Level 14.2 Invocations


You had 14 spell levels left.
You didn't know any spells.

Dungeon Overview and Level Annotations

Branches:
Dungeon (12/15)            Temple (1/1) D:5            Lair (6/6) D:9
 Shoals (0/4) Lair:2        Snake (0/4) Lair:3        Slime (0/5) Lair:6
    Orc: D:9-12

Altars:
Ashenzari
Cheibriados
Dithmenos
Elyvilon
Fedhas
Gozag
Hepliaklqana
Kikubaaqudgha
Makhleb
Nemelex Xobeh
Okawaru
Qazlal
Ru
Sif Muna
Trog
Uskayaw
Vehumet
Wu Jian
Xom
Yredelemnul
Zin
The Shining One

Annotations:
D:11 tormentors, exclusions: tormentor and 4 more exclusions
Lair:6 exclusion: 3 oklob plants


Innate Abilities, Weirdness & Mutations

You are resistant to torment.
Your stone body is resilient. (AC +11)
You are immune to poison.
Your large and strong wings let you fly indefinitely.
You resist negative energy. (rN+)
You are resistant to electric shocks. (rElec)
You can survive without breathing.
You are immune to petrification.
You are immune to rotting.


Message History

* * * LOW HITPOINT WARNING * * *
The two-headed ogre hits you but does no damage. x2
The ogre mage is no longer moving quickly.
The two-headed ogre hits you but does no damage. x2
The ogre mage gestures wildly while chanting.
The ogre mage seems to speed up.
The two-headed ogre barely misses you.
The two-headed ogre hits you with a giant club!
* * * LOW HITPOINT WARNING * * *
The ogre mage hits you from afar with a halberd.
* * * LOW HITPOINT WARNING * * *
The two-headed ogre hits you with a dire flail.
* * * LOW HITPOINT WARNING * * *
The two-headed ogre hits you but does no damage. x2
The two-headed ogre hits you with a giant club!
* * * LOW HITPOINT WARNING * * *
The ogre hits you but does no damage.
The ogre mage hits you but does no damage.
The two-headed ogre hits you but does no damage.
The two-headed ogre hits you with a dire flail.
You die...

###. .## ######... ..#
#####........
#.#####.....p....##
#........pp....###
#..........÷.(..##
#.....###...÷....#
####..#### ##..p.†..#
###..OO@...####........#
##.....OO#....##......p.#
##...W....####...........#
#.....p...# ####.......##
##.W.z....# ###.....#
##.........# ##.p... .###
##..#......## #..###.
....##..##......# ###
.......####.....#


You could see a death knight, a skeletal warrior, 2 two-headed ogres, an ogre
mage, 2 freezing wraiths and an ogre.

Vanquished Creatures
  Gastronok (D:11)
  Kirke (D:12)
  A minotaur (Lab)
  Fannar (D:10)
  4 hydras
  9 two-headed ogres
  Erica (D:7)
  5 death knights (D:11)
  The ghost of Space the Cruncher, a novice DsGl of Ashenzari (D:8)
  4 skeletal warriors
  A manticore (D:11)
  2 ugly things
  Joseph (D:7)
  3 merfolk sirens (Lair:2)
  Maurice (D:11)
  6 elephants (Lair:4)
  3 black mambas
  23 spiny frogs
  3 gargoyles (Volcano)
  6 komodo dragons
  A rime drake (Lair:5)
  A merfolk (Lair:2)
  3 trolls
  3 meliai (Lair:5)
  A queen bee (Lair:5)
  4 tyrant leeches (Lair:6)
  2 polar bears
  The ghost of goulibeur the Unweaver, an amateur DsAK of Lugonu (D:4)
  24 blink frogs
  9 hippogriffs
  3 flying skulls (Volcano)
  A spriggan (D:7)
  A vampire (D:10)
  3 wraiths
  3 alligator skeletons (Volcano)
  30 yaks
  Eustachio (D:5)
  A steam dragon (D:8)
  6 vampire mosquitoes (Lair:6)
  5 nagas (Lair:3)
  Edmund (D:4)
  13 water moccasins
  5 porcupines
  3 orc warriors
  4 ice beasts
  3 ogres
  2 sky beasts (D:7)
  A black bear (Lair:1)
  A phantom (D:11)
  8 wolves
  A centaur (D:6)
  11 crocodiles
  25 bullfrogs
  A big kobold (D:11)
  4 scorpions
  A troll skeleton (Volcano)
  37 killer bees
  7 wights
  3 howler monkeys
  An electric eel (Lair:6)
  A spriggan skeleton (Volcano)
  5 crimson imps
  2 quasits
  A bullfrog zombie (D:10)
  A jelly (D:9)
  4 orc priests
  4 hounds
  12 orc wizards
  2 bullfrog skeletons
  Natasha (thrice) (D:3)
  4 iguanas
  9 worker ants
  A hound zombie (D:10)
  3 gnolls (D:6)
  8 adders
  A howler monkey skeleton (D:8)
  3 shadow imps
  An adder skeleton (D:7)
  A worm (D:2)
  5 dart slugs
  7 leopard geckos
  58 orcs
  A ball python (D:2)
  6 bats
  8 giant cockroaches
  4 goblins
  11 hobgoblins
  20 jackals
  4 quokkas
  9 frilled lizards
  10 kobolds
  A quokka zombie (D:8)
  5 rats
527 creatures vanquished.

Vanquished Creatures (others)
  The ghost of Cefor the Gusty, an amateur DrAE of Ashenzari (D:5)
  2 humans (D:12)
  An eye of draining (D:12)
  A sky beast (D:12)
  15 fungi
  28 plants (Lair:6)
48 creatures vanquished.

Grand Total: 575 creatures vanquished

Notes
Turn   | Place    | Note
-------+----------+-------------------------------------------
     0 | D:1      | wojtek the Gargoyle Fighter began the quest for the Orb.
     0 | D:1      | Reached XP level 1. HP: 14/14 MP: 1/1
    61 | D:1      | Reached XP level 2. HP: 19/19 MP: 2/2
   281 | D:1      | Reached XP level 3. HP: 18/23 MP: 3/3
   800 | D:2      | Reached XP level 4. HP: 17/28 MP: 4/4
  1580 | D:3      | Noticed Natasha
  1595 | D:3      | Killed Natasha
  1595 | D:3      | Reached skill level 5 in Maces & Flails
  1595 | D:3      | Reached XP level 5. HP: 18/32 MP: 5/5
  1768 | D:3      | Noticed Natasha
  1771 | D:3      | Killed Natasha
  1798 | D:3      | Reached XP level 6. HP: 31/37 MP: 6/6
  1954 | D:3      | Noticed Natasha
  1960 | D:3      | Killed Natasha
  2318 | D:4      | Found an opulent altar of Gozag.
  2418 | D:4      | Found a white marble altar of Elyvilon.
  2479 | D:4      | Noticed Edmund
  2512 | D:4      | Killed Edmund
  2796 | D:4      | Noticed goulibeur's ghost (amateur DsAK)
  3058 | D:4      | Reached XP level 7. HP: 37/41 MP: 7/7
  3189 | D:4      | Found a hide-covered altar of Uskayaw.
  3192 | D:4      | Found a deep blue altar of Sif Muna.
  3195 | D:4      | Found a shattered altar of Ashenzari.
  3222 | D:5      | Entered Level 5 of the Dungeon
  3250 | D:5      | Noticed Cefor's ghost (amateur DrAE)
  3302 | D:5      | Killed Cefor's ghost
  3446 | D:5      | Found a staircase to the Ecumenical Temple.
  3459 | Temple   | Entered the Ecumenical Temple
  3537 | Temple   | Became a worshipper of Warmaster Okawaru
  3680 | D:5      | Reached skill level 1 in Dodging
  3680 | D:5      | Reached skill level 1 in Invocations
  3943 | D:5      | Found a stormy altar of Qazlal.
  4151 | D:5      | Noticed Eustachio
  4187 | D:5      | Killed Eustachio
  4187 | D:5      | Reached * piety under Okawaru
  4187 | D:5      | Reached skill level 2 in Invocations
  4187 | D:5      | Reached XP level 8. HP: 48/48 MP: 9/9
  4527 | D:4      | Found an opulent altar of Gozag.
  4644 | D:4      | Killed goulibeur's ghost
  4644 | D:4      | Reached skill level 3 in Invocations
  4927 | D:6      | You fall through a shaft for 2 floors!
  4927 | D:8      | Noticed Joseph
  4927 | D:8      | Noticed a two-headed ogre
  4933 | D:8      | Got a steaming copper ring
  4974 | D:7      | Killed a two-headed ogre
  4974 | D:7      | Reached ** piety under Okawaru
  4974 | D:7      | Reached skill level 5 in Fighting
  4974 | D:7      | Reached skill level 5 in Armour
  4974 | D:7      | Reached skill level 5 in Shields
  4974 | D:7      | Reached skill level 4 in Invocations
  4974 | D:7      | Reached XP level 9. HP: 6/54 MP: 10/12
  4978 | D:7      | Reached skill level 5 in Invocations
  5665 | D:6      | Found a glowing golden altar of the Shining One.
  5725 | D:6      | Reached *** piety under Okawaru
  5726 | D:6      | Found a snail-covered altar of Cheibriados.
  5868 | D:6      | Found a hazy altar of Hepliaklqana.
  5988 | D:6      | Got a warped whip
  6137 | D:6      | Identified the cursed +3 whip of Zeluesos {venom, +Inv MR- Str+4 Int+2} (You found it on level 6 of the Dungeon)
  6138 | D:6      | Identified the ring of Qazlal's Benevolence {-Tele +Fly rN++ Dex+2 Stlth+} (You found it on level 8 of the Dungeon)
  6206 | D:7      | Reached skill level 6 in Invocations
  6568 | D:7      | Killed Joseph
  6568 | D:7      | Reached XP level 10. HP: 49/60 MP: 14/14
  6655 | D:8      | Noticed Erica
  6664 | D:8      | Reached **** piety under Okawaru
  6669 | D:8      | Noticed Space's ghost (novice DsGl)
  6852 | D:8      | Noticed a two-headed ogre
  6903 | D:7      | Killed a two-headed ogre
  6903 | D:7      | Reached skill level 7 in Invocations
  7113 | D:7      | Killed Erica
  7113 | D:7      | Reached ***** piety under Okawaru
  7210 | D:8      | Killed Space's ghost
  7210 | D:8      | Reached skill level 8 in Invocations
  7253 | D:8      | Found a shadowy altar of Dithmenos.
  7839 | D:9      | Found a burning altar of Makhleb.
  8087 | D:9      | Reached XP level 11. HP: 67/67 MP: 17/17
  8289 | D:9      | Found a staircase to the Lair.
  8305 | D:9      | Found a sparkling altar of Nemelex Xobeh.
  8476 | D:10     | Entered Level 10 of the Dungeon
  8759 | D:10     | Noticed a two-headed ogre
  8781 | D:9      | Killed a two-headed ogre
  8781 | D:9      | Received a gift from Okawaru
  8878 | D:10     | Reached skill level 9 in Invocations
  9082 | D:10     | Noticed a two-headed ogre
  9092 | D:10     | Killed a two-headed ogre
  9092 | D:10     | Reached skill level 5 in Dodging
  9111 | D:10     | Found a hide-covered altar of Uskayaw.
  9187 | D:10     | Noticed Fannar
  9216 | D:10     | Killed Fannar
  9534 | Lair:1   | Entered Level 1 of the Lair of Beasts
 10349 | Lair:1   | Reached ****** piety under Okawaru
 10349 | Lair:1   | Reached skill level 10 in Invocations
 10770 | Lair:2   | Reached XP level 12. HP: 73/73 MP: 19/19
 10825 | Lair:2   | Found a staircase to the Shoals.
 10833 | Lair:2   | Reached skill level 10 in Maces & Flails
 10844 | Lair:2   | Received a gift from Okawaru
 11017 | D:6      | Got a brightly glowing scale mail
 11136 | Lair:2   | Identified the cursed +0 scale mail of Mumblety Peg {Str+6} (You found it on level 6 of the Dungeon)
 11223 | Lair:2   | Found a glowing silver altar of Zin.
 11347 | Lair:2   | Got a faintly humming leather armour
 12052 | Lair:3   | Found a staircase to the Snake Pit.
 12320 | Lair:3   | Reached skill level 11 in Invocations
 12329 | Lair:3   | Received a gift from Okawaru
 12646 | Lair:3   | Got a twisted ring mail
 12647 | Lair:3   | Identified the +5 ring mail of Pokoh {rF+ rC+} (You found it on level 3 of the Lair of Beasts)
 13129 | Lair:4   | Noticed a five-headed hydra
 13184 | Lair:4   | Killed a five-headed hydra
 13211 | Lair:4   | Found a dark tunnel.
 13230 | Volcano  | Entered a volcano
 13271 | Volcano  | Received a gift from Okawaru
 13358 | Volcano  | Reached XP level 13. HP: 69/80 MP: 16/21
 13685 | Lair:4   | Reached skill level 12 in Invocations
 15160 | Lair:5   | Received a gift from Okawaru
 15747 | Lair:5   | Got an ancient hunting sling {god gift}
 16021 | Lair:6   | Entered Level 6 of the Lair of Beasts
 16076 | Lair:6   | Reached skill level 10 in Fighting
 16080 | Lair:6   | Found a labyrinth entrance.
 16095 | Lair:6   | Reached skill level 10 in Shields
 16115 | Lair:6   | Reached skill level 10 in Armour
 16134 | Lair:6   | Received a gift from Okawaru
 16193 | Lair:6   | Gained mutation: Your large and strong wings let you fly indefinitely. [Gargoyle growth]
 16193 | Lair:6   | Reached XP level 14. HP: 55/88 MP: 16/23
 16206 | Lab      | Entered a labyrinth
 16362 | Lab      | Got a transparent long sword
 16396 | Lair:6   | Reached skill level 13 in Invocations
 16529 | Lair:6   | Received a gift from Okawaru
 16781 | Lair:6   | Found a staircase to the Slime Pits.
 17196 | Lair:6   | Found a blossoming altar of Fedhas.
 17682 | D:11     | Noticed Maurice
 17696 | D:11     | Killed Maurice
 18920 | D:11     | Noticed Gastronok
 19242 | D:11     | Killed Gastronok
 19814 | D:12     | Noticed Kirke
 19830 | D:12     | Killed Kirke
 19830 | D:12     | Received a gift from Okawaru
 19830 | D:12     | Reached skill level 14 in Invocations
 19953 | D:12     | Reached XP level 15. HP: 40/94 MP: 5/25
 19969 | D:12     | Paralysed by an ogre mage for 6 turns
 19972 | D:12     | HP: 3/94 [two-headed ogre/giant spiked club (10)]
 19972 | D:12     | Slain by a two-headed ogre

Skill      XL: |  1  2  3  4  5  6  7  8  9 10 11 12 13 14 |
---------------+-------------------------------------------+-----
Maces & Flails | 3 4 5 6 7 8 9 10 11 | 11.7
Dodging        | 1 2 3 4 5 6 7 8 |  8.2
Invocations    | 2 4 6 8 10 11 12 14 | 14.2
Fighting       | 4 5 6 7 8 9 10 11 | 11.1
Armour         | 4 5 6 7 8 9 10 11 | 11.1
Shields        | 4 5 7 8 9 10 11 | 11.1

Action                   |  1- 3 |  4- 6 |  7- 9 | 10-12 | 13-15 || total
-------------------------+-------+-------+-------+-------+-------++-------
Melee: Flail             |   102 |   209 |   429 |   705 |  1019 ||  2464
Invok: Heroism           |       |       |       |     2 |     8 ||    10
       Finesse           |       |       |       |     2 |     8 ||    10
Evoke: Wand              |       |       |       |       |     1 ||     1
  Use: Scroll            |       |       |     2 |     7 |     4 ||    13
 Stab: Sleeping          |       |       |       |     1 |       ||     1
  Eat: Chunk             |       |     6 |     9 |    17 |    12 ||    44
       Ration            |       |       |     1 |     2 |     3 ||     6
Armor: Scale mail        |    66 |    23 |       |       |       ||    89
       Chain mail        |       |    36 |       |       |       ||    36
       Plate armour      |       |    49 |   274 |   406 |       ||   729
       Ring mail         |       |       |       |    18 |   402 ||   420
Dodge: Dodged            |    33 |    35 |    62 |   228 |   471 ||   829
Block: Shield            |    60 |   104 |   213 |   459 |   661 ||  1497
       Reflection        |       |       |     3 |     6 |     4 ||    13
